 Dungeon Crawl Stone Soup version 0.30-a0-578-gdee14c521f (webtiles) character file.

Game seed: 12845025261392149839

2 demibob the Trooper (level 1, 0/18 HPs)
             Began as a Demonspawn Chaos Knight on Jan 1, 2023.
             Was a Plaything of Xom.
             Succumbed to a kobold's poison
             ... on level 1 of the Dungeon.
             The game lasted 00:00:12 (35 turns).

demibob the Trooper (Demonspawn Chaos Knight)         Turns: 35, Time: 00:00:13

Health: 0/18       AC:  5    Str: 12    XL:     1   Next: 33%
Magic:  1/1        EV: 11    Int: 13    God:    Xom [..*...]
Gold:   0          SH:  0    Dex: 12    Spells: 0/0 levels left

rFire   . . .      SeeInvis .    a - +0 spear (chaos)
rCold   . . .      Faith    .    (no shield)
rNeg    . . .      Spirit   .    b - +2 leather armour
rPois   .          Reflect  .    (no helmet)
rElec   .          Harm     .    (no cloak)
rCorr   .          Rampage  .    (no gloves)
Will    .....                    (no boots)
Stlth   +                        (no amulet)
HPRegen 0.23/turn                (no ring)
MPRegen 0.07/turn                (no ring)

@: lethally poisoned (0 -> -11)
A: no striking features
a: Renounce Religion


You were on level 1 of the Dungeon.
You worshipped Xom.
You were a toy of Xom.
You visited 1 branch of the dungeon, and saw 1 of its levels.


   Skills:
 - Level 3.0 Fighting
 + Level 2.9 Polearms
 - Level 1.7 Armour
 - Level 0.8 Dodging


You couldn't memorise any spells.
You didn't know any spells.
Your spell library was empty.

Inventory:

Hand Weapons
 a - a +0 spear of chaos (weapon)
Armour
 b - a +2 leather armour (worn)
Miscellaneous
 c - a piece from Xom's chessboard (15/15) (quivered)

Dungeon Overview and Level Annotations

Branches:
Dungeon (1/15)

Altars:

#.#.##... #.....##
###......#
###........#
#...##.....###.
###'#.#..........
#..##.#..........
###'#+#.......!....
#..##...##.@..$....
###'#+#+####.K.......
#..## ...........
###'#+ #.....###....
#<..# +.....# ....
###+# #.....# ...
#.....# .. #.....#


You could see a kobold (agile).


Message History

A kobold is nearby!
A kobold is nearby!
You hit the kobold but do no damage.
The kobold hits you with a +1 dagger of venom.
You are poisoned.
You hit the kobold but do no damage.
The kobold suddenly seems more agile.
Xom is amused.
You feel very sick. The kobold hits you but does no damage.
You are lethally poisoned!
Unknown command.
You closely miss the kobold.
You feel very sick.
The kobold hits you with a +1 dagger of venom.
* * * LOW HITPOINT WARNING * * *
You are more poisoned.
You aren't carrying any potions.
Unknown command.
You barely miss the kobold.
* * * LOW HITPOINT WARNING * * *
You feel very sick.
The kobold hits you with a +1 dagger of venom.
* * * LOW HITPOINT WARNING * * *
You closely miss the kobold.
* * * LOW HITPOINT WARNING * * *
You feel very sick. The kobold closely misses you.
You miss the kobold.
You die...
Xom snickers!

Action                   || total
-------------------------++-------
Melee: Spear             ||     9
Armor: Leather armour    ||     1
Dodge: Dodged            ||     4

Levels and vault maps discovered:
D:1:      erik_arrival_triangle_large, layout_basic, minmay_heptomino_d4

Notes
Turn   | Place    | Note
-------+----------+-------------------------------------------
     0 | D:1      | demibob the Demonspawn Chaos Knight began the quest for the
                  | Orb.
     0 | D:1      | Reached XP level 1. HP: 18/18 MP: 1/1
    35 | D:1      | Succumbed to a kobold's poison

Vanquished Creatures
  A ball python (D:1)
  A hobgoblin (D:1)
2 creatures vanquished.

Table legend: (Time is in decaauts)
 A = Elapsed time spent in this place.
 B = Non-inter-level travel time spent in this place.
 C = Inter-level travel time spent in this place.
 D = Time resting spent in this place.
 E = Time spent auto-exploring this place.
 F = Levels seen in this place.
 G = Mean time per level.
                   A        B        C        D        E       F      G
               +--------+--------+--------+--------+--------+-----+--------+
         Total |     34 |     34 |      0 |      0 |     20 |   1 |   34.0 |
       Dungeon |     34 |     34 |      0 |      0 |     20 |   1 |   34.0 |
               +--------+--------+--------+--------+--------+-----+--------+

Top non-repeatable levels by time:
     D:1: 34 daAuts

Table legend:
 A = Non-vault XP
 B = Vault XP
 C = Vault XP percentage of total XP
 D = Non-vault monster count
 E = Vault monster count
 F = Vault count percentage of total count
                 A         B        C        D         E       F
            +---------+---------+-------+---------+---------+-------
      Total |       4 |       0 |   0.0 |       2 |       0 |   0.0
            +---------+---------+-------+---------+---------+-------
        D:1 |       4 |       0 |   0.0 |       2 |       0 |   0.0
            +---------+---------+-------+---------+---------+-------
